 Dungeon Sprint DCSS version 0.16.1-16-gc44b35d (webtiles) character file.

192918 EvilTwin the Orcish Aeon (level 18, -7/194 HPs)
             Began as a Hill Orc Fighter on Apr 18, 2015.
             Was the Champion of Cheibriados.
             Killed from afar by a pale draconian annihilator (67 damage)
             ... with a crystal spear
             ... in the Dungeon (Sprint V: "Ziggurat Sprint").
             The game lasted 01:05:17 (5006 turns).

EvilTwin the Orcish Aeon (Hill Orc Fighter)         Turns: 5006, Time: 01:05:17

Health: -7/194     AC: 11    Str: 61    XL:     18   Next: 70%
Magic:  8/40       EV: 19    Int: 21    God:    Cheibriados [******]
Gold:   0          SH:  0    Dex: 37    Spells: 0 memorised, 17 levels left

rFire  . . .     SeeInvis +     L - +14 obsidian axe {chop, +Fly Str+3 SInv Curse}
rCold  . . .     Clarity  .     V - +0 plate armour of Winter {Str+7} (curse)
rNeg   + . .     SustAb   .     S - +6 large shield of Ignorance {rN+ AC+2 EV+2 Int-6 Curse} (curse)
rPois  .         Gourm    .     (no helmet)
rElec  .         Spirit   .     Y - +2 cloak of the Thief {+Fog Slay-2 SInv Stlth+}
rCorr  .         Warding  .     X - +1 pair of gloves {Str+3}
rMut   .         Stasis   +     (no boots)
MR     +....                    P - amulet of Lesser Demons {Stasis Str+6 Int+4} (curse)
Stlth  ..........               C - +6 ring of dexterity
                                F - +6 ring of strength

@: corroded equipment, mesmerised, held, very slow, somewhat resistant to
hostile enchantments, extremely unstealthy
A: no striking features
a: Bend Time, Temporal Distortion, Slouch, Step From Time, Renounce Religion,
Evoke Fog, Evoke Flight


You were in the Dungeon.
You worshipped Cheibriados.
Cheibriados was exalted by your worship.
You were not hungry.

You visited 1 branch

Inventory:

Hand weapons
 a - the +4 rapier of Uncertain Death {pierce, rN+ Str-3 Dex+10 Stlth+}
   (You found it in the Dungeon)

   It inflicts extra damage upon your enemies.
   It affects your strength (-3).
   It affects your dexterity (+10).
   It protects you from negative energy.
   It makes you more stealthy.
 L - the +14 obsidian axe (weapon) {chop, +Fly Str+3 SInv Curse}
   (You found it in the Dungeon)

   It inflicts extra damage upon your enemies.
   It affects your strength (+3).
   It enhances your eyesight.
   It lets you fly.
   It may re-curse itself when equipped.
 R - a +0 demon trident
Armour
 M - a +12 gold dragon armour
 S - the cursed +6 large shield of Ignorance (worn) {rN+ AC+2 EV+2 Int-6 Curse}
   (You found it in the Dungeon)

   It affects your AC (+2).
   It affects your evasion (+2).
   It affects your intelligence (-6).
   It protects you from negative energy.
   It may re-curse itself when equipped.
   It has a curse placed upon it.
 V - the cursed +0 plate armour of Winter (worn) {Str+7}
   (You found it in the Dungeon)

   It affects your strength (+7).
   It has a curse placed upon it.
 X - a +1 pair of gloves of strength (worn)
 Y - the +2 cloak of the Thief (worn) {+Fog Slay-2 SInv Stlth+}
   (You found it in the Dungeon)

   It affects your accuracy and damage with ranged weapons and melee attacks
   (-2).
   It enhances your eyesight.
   It can be evoked to emit clouds of fog.
   It makes you more stealthy.
Jewellery
 c - the ring of Mohao {+Inv rElec MP+9 Str+3 Dex-2 Stlth+}
   (You found it in the Dungeon)

   [ring of strength]

   It affects your strength (+3).
   It affects your dexterity (-2).
   It insulates you from electricity.
   It affects your magic capacity (+9).
   It lets you turn invisible.
   It makes you more stealthy.
 g - an uncursed ring of positive energy
 l - the amulet of Joloo {Faith +Blink rPois Str+4 Int-5 Dex-3}
   (You found it in the Dungeon)

   [amulet of faith]

   It allows you to gain divine favour quickly.
   It affects your strength (+4).
   It affects your intelligence (-5).
   It affects your dexterity (-3).
   It protects you from poison.
   It lets you blink.
 s - the amulet of Zaceofan {Stasis rF+ Slay+3}
   (You found it in the Dungeon)

   [amulet of stasis]

   It prevents you from being teleported, slowed, hasted or paralysed.
   It affects your accuracy and damage with ranged weapons and melee attacks
   (+3).
   It protects you from fire.
 C - a +6 ring of dexterity (right hand)
 E - the amulet "Eti Lie" {Ward rElec rF++ rN+ MR+ Dex-5 SInv}
   (You found it in the Dungeon)

   [amulet of warding]

   It may prevent the melee attacks of summoned creatures.
   It affects your dexterity (-5).
   It greatly protects you from fire.
   It insulates you from electricity.
   It protects you from negative energy.
   It affects your resistance to hostile enchantments.
   It enhances your eyesight.
 F - a +6 ring of strength (left hand)
 O - the ring of Thufiaf {rElec rPois rF+ Int+5}
   (You found it in the Dungeon)

   [ring of poison resistance]

   It affects your intelligence (+5).
   It protects you from fire.
   It insulates you from electricity.
   It protects you from poison.
 P - the cursed amulet of Lesser Demons (around neck) {Stasis Str+6 Int+4}
   (You found it in the Dungeon)

   [amulet of stasis]

   It prevents you from being teleported, slowed, hasted or paralysed.
   It affects your strength (+6).
   It affects your intelligence (+4).
   It has a curse placed upon it.
 Q - the amulet "Loivyosy" {+Rage Dex+4}
   (You found it in the Dungeon)

   [amulet of rage]

   It affects your dexterity (+4).
   It lets you go berserk.
 T - the amulet of the Monkey {Inacc rPois Str-5 SInv}
   (You found it in the Dungeon)

   [amulet of inaccuracy]

   It reduces the accuracy of all your attacks.
   It affects your strength (-5).
   It protects you from poison.
   It enhances your eyesight.
Magical devices
 q - a wand of fireball (5)
 H - a wand of disintegration (7)
 I - a wand of fire (5)
 J - a wand of cold (5)
 K - a wand of draining (3)
Scrolls
 b - 9 scrolls of brand weapon
 k - 4 scrolls of blinking
 t - 3 scrolls of recharging
 u - 7 scrolls of fog
 w - 5 scrolls of identify
 x - 4 scrolls of remove curse
 y - a scroll of fear
 D - 4 scrolls of enchant armour
Potions
 e - 6 potions of might
 f - a potion of curing
 i - 6 potions of magic
 m - 2 potions of brilliance
 n - 2 potions of invisibility
 o - 2 potions of restore abilities
 p - 4 potions of resistance
 r - 4 potions of agility
Miscellaneous
 h - a sack of spiders {used: 4}
 j - a sack of spiders {used: 4}
 B - a sack of spiders {used: 4}
 N - a lamp of fire (inert)
 W - a phial of floods (inert)
Comestibles
 d - 5 meat rations
 z - 38 fruits
 A - a bread ration


   Skills:
 + Level 25.0 Fighting
 O Level 27 Axes
 + Level 17.5 Armour
 * Level 19.8 Dodging
 + Level 26.5 Shields
 O Level 27 Invocations
 * Level 26.9 Evocations


You had 17 spell levels left.
You didn't know any spells.

Dungeon Overview and Level Annotations

Branches:
Dungeon (1/1)

Altars:
Ashenzari
Cheibriados
Dithmenos
Elyvilon
Fedhas
Gozag
Kikubaaqudgha
Makhleb
Nemelex Xobeh
Okawaru
Qazlal
Ru
Sif Muna
Trog
Vehumet
Xom
Yredelemnul
Zin
The Shining One
Beogh
Jiyva
Lugonu


Message History

Cheibriados thoroughly appreciates the change of pace.
You hear a splash.
Unknown command.
You are caught in the web!
Visions of slaying the pale draconian annihilator flood into your mind.
The yellow draconian is engulfed in roaring flames.
The yellow draconian hits your water elemental with a short sword!
Your water elemental is engulfed in roaring flames.
Your water elemental hits the yellow draconian!
Your water elemental engulfs the yellow draconian in water!
Your water elemental is engulfed in a cloud of scalding steam.
Your water elemental hits the yellow draconian!
Your water elemental engulfs the yellow draconian in water!
Your fire elemental hits the pale draconian annihilator.
Your fire elemental burns the pale draconian annihilator!
The yellow draconian is engulfed in roaring flames.
The yellow draconian barely misses your water elemental.
The pale draconian annihilator gestures at you while chanting.
The crystal spear hits you!
You die...

..8©8.......▓.)}|.}.[
|}).}.}|:[[.▓.}::[[§§.
}:)|..:)|...▓...§§≈§§§E
})).[}.)):).▓..).≈=§§§§.
............▓..)§)§§d§...
............▓.))E)§E§≈...
............▓.)[)E§d§......
............▓)).)§EEE.......
...)........▓.))@)q≈.........
............▓.................
............▓.................
..\.........▓.................
.......▓....▓....▓.........▓
▓.....▓.▓...▓..)▓▓▓)......▓▓ .
.......▓....▓....▓.........▓...
..).........▓..................
............▓..................


You could see 2 draconians, a pale draconian annihilator, 3 friendly water
elementals and 3 friendly fire elementals.

Vanquished Creatures
  A shard shrike (D)
  A curse toe (D)
  3 Orb Guardians (D)
  A tentacled monstrosity (D)
  An Ice Fiend (D)
  3 liches (D)
  8 deep elf blademasters (D)
  3 deep elf master archers (D)
  An Executioner (D)
  A sphinx (D)
  Kirke (D)
  2 storm dragons (D)
  Roxanne (D)
  A shadow dragon (D)
  4 draconian monks (D)
  5 deep elf sorcerers (D)
  2 draconian scorchers (D)
  A draconian knight (D)
  2 draconian zealots (D)
  A balrug (D)
  A draconian annihilator (D)
  8 draconian shifters (D)
  2 deep elf demonologists (D)
  A draconian caller (D)
  A vampire knight (D)
  10 green draconians (D)
  2 apis (D)
  6 black draconians (D)
  2 dire elephants (D)
  6 deep elf annihilators (D)
  Azrael (D)
  7 mottled draconians (D)
  11 yellow draconians (D)
  12 purple draconians (D)
  5 red draconians (D)
  6 pale draconians (D)
  7 white draconians (D)
  3 grey draconians (D)
  2 deep elf death magi (D)
  A blizzard demon (D)
  9 vault guards (D)
  13 deep elf high priests (D)
  An ice dragon (D)
  3 spriggan air magi (D)
  Nessos (D)
  An anaconda (D)
  9 soul eaters (D)
  3 spriggan berserkers (D)
  4 ice devils (D)
  4 deep elf knights (D)
  2 sun demons (D)
  A sea snake (D)
  A death drake (D)
  3 skeletal warriors (D)
  A large abomination (D)
  3 deep elf summoners (D)
  A swamp dragon (D)
  2 spriggan druids (D)
  A lindwurm (D)
  2 hill giants (D)
  A deathcap (D)
  A necromancer (D)
  3 fire elementals (D)
  A harpy (shapeshifter) (D)
  6 water elementals (D)
  7 deep elf conjurers (D)
  3 orb spiders (D)
  3 sixfirhies (D)
  A moth of wrath (D)
  4 draconians (D)
  4 rust devils (D)
  A komodo dragon (D)
  Psyche (D)
  A yaktaur (D)
  A black draconian zombie (D)
  An orange demon (D)
  A tormentor (D)
  A mottled draconian zombie (D)
  2 fire drakes (D)
  A hellwing (D)
  A dryad (D)
  4 small abominations (D)
  4 freezing wraiths (D)
  A red devil (D)
  7 wandering mushrooms (D)
  A polar bear (D)
  6 blue devils (D)
  2 two-headed ogres (D)
  2 wind drakes (D)
  5 air elementals (D)
  6 flying skulls (D)
  A spriggan (D)
  A redback (D)
  2 tarantellas (D)
  2 ynoxinuls (D)
  5 deep elf magi (D)
  4 wraiths (D)
  Eustachio (D)
  A shadow (D)
  A chaos spawn (D)
  3 deep elf fighters (D)
  2 insubstantial wisps (D)
  A wolf (D)
  2 hell hounds (D)
  5 necrophages (D)
  Purgy (D)
  2 swamp drakes (D)
  3 black bears (D)
  2 ogres (D)
  3 phantoms (D)
  Sigmund (D)
  4 wights (D)
  3 jellies (D)
  A quasit (D)
  4 iron imps (D)
  4 hell rats (D)
  Ijyb (D)
  A mummy (D)
  6 white imps (D)
  A giant eyeball (D)
  2 ufetubi (D)
  3 spectral adders (D)
  6 adder zombies (D)
  6 adder skeletons (D)
  4 spectral bats (D)
  6 bat skeletons (D)
  4 bat zombies (D)
  2 giant cockroach zombies (D)
  A giant gecko skeleton (D)
  A giant gecko zombie (D)
  A jackal skeleton (D)
  A jackal zombie (D)
  A quokka skeleton (D)
  A quokka zombie (D)
  A spectral giant cockroach (D)
  A spectral giant gecko (D)
  A spectral quokka (D)
  11 crawling corpses (D)
  6 fungi (D)
412 creatures vanquished.

Vanquished Creatures (collateral kills)
  A deep elf blademaster (D)
  A thorn hunter (D)
  2 draconian scorchers (D)
  A grey draconian (D)
  A reaper (D)
  A black draconian (D)
  A deep elf annihilator (D)
  A red draconian (D)
  2 spriggan air magi (D)
  2 hell hogs (D)
  A spriggan berserker (D)
  2 ice devils (D)
  A deep elf knight (D)
  A sixfirhy (D)
  A black draconian zombie (D)
  A hellion (D)
  A large abomination (D)
  A tormentor (D)
  A deep elf priest (D)
  2 red devils (D)
  A freezing wraith (D)
  A hellwing (D)
  A jumping spider (D)
  A wind drake (D)
  A flying skull (D)
  A wraith (D)
  2 tarantellas (D)
  A deep elf mage (D)
  A vampire (D)
  A deep elf fighter (D)
  A hell hound (D)
  A wight (D)
  A crimson imp (D)
  3 ufetubi (D)
  2 adder zombies (D)
  4 bat skeletons (D)
  3 bat zombies (D)
  3 ball python zombies (D)
  A giant cockroach zombie (D)
  2 giant gecko skeletons (D)
  2 jackal skeletons (D)
  2 jackal zombies (D)
  2 quokka skeletons (D)
  4 quokka zombies (D)
67 creatures vanquished.

Vanquished Creatures (others)
  A black draconian (D)
  2 soul eaters (D)
  An ice devil (D)
  6 water elementals (D)
  4 orb spiders (D)
  17 wolf spiders (D)
  2 sixfirhies (D)
  3 smoke demons (D)
  A hellwing (D)
  A dryad (D)
  4 fire elementals (D)
  A wind drake (D)
  3 jumping spiders (D)
  2 trapdoor spiders (D)
  A vampire (D)
  8 redbacks (D)
  15 tarantellas (D)
  A chaos spawn (D)
  A deep elf fighter (D)
  9 ufetubi (D)
  An adder skeleton (D)
  A giant gecko skeleton (D)
  A giant gecko zombie (D)
  A briar patch (D)
  A crawling corpse (D)
  A fungus (D)
89 creatures vanquished.

Grand Total: 568 creatures vanquished

Notes
Turn   | Place    | Note
--------------------------------------------------------------
     0 | D        | EvilTwin, the Hill Orc Fighter, began the quest for the Orb.
     0 | D        | Reached XP level 1. HP: 19/19 MP: 1/1
     0 | D        | Found a basalt altar of Yredelemnul.
     0 | D        | Found an iron altar of Okawaru.
     0 | D        | Found a radiant altar of Vehumet.
     1 | D        | Found a shimmering altar of Xom.
     4 | D        | Found a viscous altar of Jiyva.
     5 | D        | Found a corrupted altar of Lugonu.
     5 | D        | Found a white marble altar of Elyvilon.
     6 | D        | Found a burning altar of Makhleb.
     8 | D        | Found a sparkling altar of Nemelex Xobeh.
     8 | D        | Found a deep blue altar of Sif Muna.
    12 | D        | Found a bloodstained altar of Trog.
    79 | D        | Reached skill level 5 in Fighting
    79 | D        | Reached skill level 1 in Dodging
    79 | D        | Reached XP level 2. HP: 23/29 MP: 2/4
    90 | D        | Became a worshipper of Cheibriados the Contemplative
   139 | D        | Entered arena 1.
   139 | D        | Noticed a necrophage
   143 | D        | Killed a necrophage
   143 | D        | Acquired Cheibriados' first power
   143 | D        | Reached skill level 7 in Fighting
   143 | D        | Reached skill level 5 in Armour
   143 | D        | Reached skill level 5 in Shields
   143 | D        | Reached XP level 3. HP: 32/39 MP: 5/5
   143 | D        | Reached XP level 4. HP: 38/47 MP: 7/7
   198 | D        | Entered arena 2.
   198 | D        | Noticed an iron imp
   202 | D        | Killed an iron imp
   202 | D        | Reached skill level 5 in Axes
   202 | D        | Reached XP level 5. HP: 52/52 MP: 9/9
   207 | D        | Got the +4 rapier of Uncertain Death {pierce, rN+ Str-3 Dex+10 Stlth+}
   212 | D        | Entered arena 3.
   212 | D        | Noticed a jelly
   212 | D        | Noticed a jelly
   212 | D        | Noticed a jelly
   213 | D        | Paralysed by a giant eyeball for 4 turns
   218 | D        | Killed a jelly
   218 | D        | Killed a jelly
   218 | D        | Acquired Cheibriados' second power
   218 | D        | Reached skill level 8 in Fighting
   218 | D        | Reached skill level 5 in Evocations
   218 | D        | Killed a jelly
   218 | D        | Reached XP level 6. HP: 57/62 MP: 11/11
   236 | D        | Entered arena 4.
   236 | D        | Noticed a necrophage
   236 | D        | Noticed a necrophage
   236 | D        | Noticed a phantom
   239 | D        | Killed a necrophage
   239 | D        | Acquired Cheibriados' third power
   239 | D        | Reached skill level 9 in Fighting
   241 | D        | Killed a necrophage
   243 | D        | Killed a phantom
   243 | D        | Reached XP level 7. HP: 57/71 MP: 12/14
   249 | D        | Got the ring of Mohao {+Inv rElec MP+9 Str+3 Dex-2 Stlth+}
   274 | D        | Entered arena 5.
   274 | D        | Noticed a black bear
   274 | D        | Noticed a black bear
   274 | D        | Noticed a black bear
   274 | D        | Noticed a spriggan
   274 | D        | Noticed a wolf
   277 | D        | Killed a spriggan
   277 | D        | Reached skill level 10 in Fighting
   278 | D        | Killed a wolf
   278 | D        | Acquired Cheibriados' fourth power
   279 | D        | Killed a black bear
   279 | D        | Reached XP level 8. HP: 59/81 MP: 15/18
   280 | D        | Killed a black bear
   280 | D        | Reached skill level 11 in Fighting
   280 | D        | Killed a black bear
   380 | D        | Entered arena 6.
   380 | D        | Noticed a draconian
   380 | D        | Noticed a draconian
   380 | D        | Noticed a draconian
   380 | D        | Noticed a draconian
   380 | D        | Noticed a green draconian
   380 | D        | Noticed a yellow draconian
   383 | D        | Killed a draconian
   383 | D        | Reached skill level 10 in Shields
   383 | D        | Killed a draconian
   383 | D        | Reached skill level 12 in Fighting
   383 | D        | Reached skill level 10 in Axes
   383 | D        | Reached skill level 5 in Invocations
   383 | D        | Reached XP level 9. HP: 48/90 MP: 17/20
   386 | D        | Killed a draconian
   387 | D        | Killed a green draconian
   387 | D        | Reached skill level 13 in Fighting
   387 | D        | Reached skill level 10 in Evocations
   388 | D        | Killed a draconian
   388 | D        | Reached XP level 10. HP: 19/101 MP: 13/23
   393 | D        | Killed a yellow draconian
   393 | D        | Reached skill level 10 in Armour
   403 | D        | Got the amulet "Eti Lie" {Ward rElec rF++ rN+ MR+ Dex-5 SInv}
   748 | D        | Entered arena 7.
   748 | D        | Noticed a two-headed ogre
   748 | D        | Noticed a two-headed ogre
   748 | D        | Noticed an ogre
   748 | D        | Noticed an ogre
   748 | D        | Noticed a hill giant
   748 | D        | Noticed a hill giant
   752 | D        | Killed a hill giant
   753 | D        | Killed a hill giant
   754 | D        | Killed a two-headed ogre
   755 | D        | Killed an ogre
   755 | D        | Killed an ogre
   756 | D        | Killed a two-headed ogre
   756 | D        | Reached skill level 14 in Fighting
   811 | D        | Entered arena 8.
   811 | D        | Noticed an air elemental
   811 | D        | Noticed an air elemental
   811 | D        | Noticed an air elemental
   811 | D        | Noticed an air elemental
   811 | D        | Noticed an insubstantial wisp
   811 | D        | Noticed an insubstantial wisp
   811 | D        | Noticed an air elemental
   812 | D        | Killed an air elemental
   812 | D        | Killed an air elemental
   812 | D        | Killed an air elemental
   812 | D        | Killed an air elemental
   812 | D        | Killed an air elemental
   814 | D        | Killed an insubstantial wisp
   814 | D        | Reached XP level 11. HP: 110/110 MP: 19/25
   816 | D        | Killed an insubstantial wisp
   826 | D        | Got the ring of Thufiaf {rElec rPois rF+ Int+5}
   835 | D        | Entered arena 9.
   835 | D        | Noticed a quasit
   835 | D        | Noticed a blue devil
   835 | D        | Noticed an ice devil
   835 | D        | Noticed a hellwing
   835 | D        | Noticed an orange demon
   835 | D        | Noticed an iron imp
   835 | D        | Noticed a red devil
   840 | D        | Killed a quasit
   842 | D        | Killed a blue devil
   843 | D        | Killed an ice devil
   843 | D        | Reached skill level 10 in Invocations
   844 | D        | Killed a hellwing
   845 | D        | Killed an iron imp
   848 | D        | Killed a red devil
   848 | D        | Killed an orange demon
   855 | D        | Got the amulet of Lesser Demons {Stasis Str+6 Int+4}
   859 | D        | Got the amulet "Loivyosy" {+Rage Dex+4}
   926 | D        | Entered arena 10.
   926 | D        | Noticed a phantom
   926 | D        | Noticed a wight
   926 | D        | Noticed a wight
   926 | D        | Noticed a wight
   926 | D        | Noticed a phantom
   927 | D        | Killed a wight
   927 | D        | Killed a wight
   929 | D        | Killed a phantom
   930 | D        | Killed a wight
   931 | D        | Killed a phantom
   942 | D        | Got the ring of Seuvaest {Ice Dex+2}
   959 | D        | Entered arena 11.
   959 | D        | Noticed a necrophage
   959 | D        | Noticed a vampire knight
   959 | D        | Noticed a vampire
   959 | D        | Noticed a necrophage
   959 | D        | Noticed a necromancer
   959 | D        | Noticed a lich
   959 | D        | Paralysed by a vampire knight for 7 turns
   960 | D        | Noticed a skeletal warrior
   961 | D        | Killed a vampire
   962 | D        | Noticed a shadow
   965 | D        | Killed a shadow
   966 | D        | Killed a necrophage
   966 | D        | Killed a necromancer
   966 | D        | Reached skill level 15 in Axes
   967 | D        | Killed a necrophage
   969 | D        | Killed a skeletal warrior
   970 | D        | Killed a vampire knight
   970 | D        | Reached skill level 15 in Fighting
   973 | D        | Killed a lich
  1214 | D        | Entered arena 12.
  1214 | D        | Noticed a yaktaur
  1214 | D        | Noticed a lich
  1214 | D        | Noticed a vault guard
  1214 | D        | Noticed a vault guard
  1214 | D        | Noticed a vault guard
  1214 | D        | Noticed a vault guard
  1214 | D        | Noticed a vault guard
  1214 | D        | Noticed a vault guard
  1215 | D        | Noticed a vault guard
  1215 | D        | Noticed a vault guard
  1215 | D        | Noticed a vault guard
  1216 | D        | Noticed a Brimstone Fiend
  1217 | D        | Killed a vault guard
  1217 | D        | Reached skill level 16 in Axes
  1217 | D        | Reached XP level 12. HP: 62/122 MP: 16/27
  1217 | D        | Killed a vault guard
  1217 | D        | Killed a vault guard
  1217 | D        | Killed a yaktaur
  1217 | D        | Killed a vault guard
  1217 | D        | Killed a vault guard
  1217 | D        | Reached skill level 5 in Dodging
  1217 | D        | Killed a vault guard
  1217 | D        | Killed a vault guard
  1218 | D        | Killed a vault guard
  1218 | D        | Reached skill level 15 in Shields
  1218 | D        | Killed a vault guard
  1218 | D        | Killed a lich
  1218 | D        | Reached skill level 17 in Axes
  1428 | D        | Entered arena 13.
  1428 | D        | Noticed a deep elf mage
  1428 | D        | Noticed a deep elf knight
  1429 | D        | Noticed a deep elf mage
  1429 | D        | Noticed a deep elf blademaster
  1429 | D        | Noticed a deep elf master archer
  1429 | D        | Noticed a deep elf knight
  1432 | D        | Noticed a deep elf fighter
  1433 | D        | Noticed a deep elf master archer
  1433 | D        | Noticed a deep elf demonologist
  1434 | D        | Killed a deep elf mage
  1435 | D        | Noticed an Executioner
  1435 | D        | Killed a deep elf knight
  1435 | D        | Killed a deep elf mage
  1435 | D        | Killed a deep elf fighter
  1436 | D        | Killed a deep elf blademaster
  1436 | D        | Reached XP level 13. HP: 124/132 MP: 18/30
  1436 | D        | Killed a deep elf knight
  1436 | D        | Killed an Executioner
  1438 | D        | Killed a deep elf demonologist
  1438 | D        | Reached skill level 15 in Invocations
  1439 | D        | Killed a deep elf master archer
  1444 | D        | Killed a deep elf master archer
  1444 | D        | Reached skill level 15 in Evocations
  1636 | D        | Entered arena 14.
  1636 | D        | Noticed Eustachio
  1637 | D        | Noticed Azrael
  1637 | D        | Noticed Psyche
  1637 | D        | Noticed Sigmund
  1637 | D        | Noticed Nessos
  1637 | D        | Noticed Ijyb
  1637 | D        | Noticed Roxanne
  1638 | D        | Noticed Purgy
  1638 | D        | Noticed Kirke
  1640 | D        | Killed Psyche
  1640 | D        | Killed Ijyb
  1640 | D        | Killed Sigmund
  1640 | D        | Killed Purgy
  1640 | D        | Killed Nessos
  1641 | D        | Noticed a sphinx
  1641 | D        | Killed Eustachio
  1644 | D        | Killed Azrael
  1646 | D        | Killed a sphinx
  1647 | D        | Killed Kirke
  1660 | D        | Killed Roxanne
  1662 | D        | Identified Roxanne's Compendium of Transmutation and Clay (You took it off Roxanne in the Dungeon)
  1762 | D        | Got the +2 pair of gloves of the Princeling {rF- MP+9 SInv}
  1806 | D        | Entered arena 15.
  1806 | D        | Noticed a soul eater
  1806 | D        | Noticed a soul eater
  1807 | D        | Noticed a soul eater
  1814 | D        | Killed a soul eater
  1815 | D        | Killed a soul eater
  1815 | D        | Reached skill level 18 in Fighting
  1817 | D        | Killed a soul eater
  1819 | D        | Noticed a soul eater
  1832 | D        | Killed a soul eater
  1856 | D        | Entered arena 16.
  1858 | D        | Noticed a soul eater
  1859 | D        | Noticed a soul eater
  1859 | D        | Noticed a soul eater
  1859 | D        | Noticed a shadow dragon
  1864 | D        | Killed a soul eater
  1865 | D        | Killed a shadow dragon
  1867 | D        | Killed a soul eater
  1868 | D        | Killed a soul eater
  1868 | D        | Reached XP level 14. HP: 40/143 MP: 33/33
  1876 | D        | Got the amulet "Iggeh" {Inacc Str+5}
  2165 | D        | Entered arena 17.
  2165 | D        | Noticed a hell hound
  2167 | D        | Killed a hell hound
  2168 | D        | Noticed an iron imp
  2169 | D        | Noticed a rust devil
  2170 | D        | Noticed a wight
  2170 | D        | Noticed an ice devil
  2171 | D        | Noticed an iron imp
  2172 | D        | Noticed a wraith
  2175 | D        | Noticed a rust devil
  2176 | D        | Noticed a hell hound
  2176 | D        | Killed a wraith
  2177 | D        | Killed an ice devil
  2178 | D        | Killed a wight
  2179 | D        | Killed an iron imp
  2182 | D        | Killed a rust devil
  2182 | D        | Reached skill level 19 in Invocations
  2183 | D        | Killed a hell hound
  2184 | D        | Killed a rust devil
  2192 | D        | Noticed a rust devil
  2193 | D        | Noticed a blue devil
  2194 | D        | Killed an iron imp
  2197 | D        | Killed a rust devil
  2200 | D        | Noticed a red devil
  2203 | D        | Killed a blue devil
  2206 | D        | Killed a red devil
  2224 | D        | Got the amulet of Zaceofan {Stasis rF+ Slay+3}
  2236 | D        | Entered arena 18.
  2241 | D        | Noticed an apis
  2241 | D        | Noticed a spriggan berserker
  2241 | D        | Noticed a spriggan air mage
  2242 | D        | Noticed a spriggan berserker
  2242 | D        | Noticed a spriggan druid
  2242 | D        | Noticed a dryad
  2242 | D        | Noticed a spriggan air mage
  2243 | D        | Noticed a spriggan berserker
  2243 | D        | Noticed a wind drake
  2244 | D        | Noticed a spriggan air mage
  2244 | D        | Noticed a dryad
  2244 | D        | Noticed a spriggan druid
  2244 | D        | Noticed an apis
  2244 | D        | Noticed a dire elephant
  2244 | D        | Noticed a wind drake
  2245 | D        | Noticed a spriggan berserker
  2245 | D        | Noticed a thorn hunter
  2246 | D        | Noticed a spriggan air mage
  2247 | D        | Noticed a spriggan air mage
  2247 | D        | Noticed a wind drake
  2248 | D        | Killed a spriggan air mage
  2250 | D        | Killed a spriggan berserker
  2251 | D        | Killed an apis
  2253 | D        | Killed a spriggan air mage
  2254 | D        | Killed a wind drake
  2256 | D        | Killed a dryad
  2256 | D        | Killed a spriggan berserker
  2257 | D        | Killed a spriggan berserker
  2259 | D        | Killed an apis
  2260 | D        | Killed a spriggan berserker
  2262 | D        | Killed a spriggan druid
  2262 | D        | Reached skill level 15 in Armour
  2263 | D        | Killed a dryad
  2263 | D        | Killed a spriggan air mage
  2264 | D        | Killed a wind drake
  2266 | D        | Killed a wind drake
  2267 | D        | Killed a thorn hunter
  2267 | D        | Reached skill level 10 in Dodging
  2268 | D        | Killed a spriggan air mage
  2269 | D        | Killed a spriggan air mage
  2269 | D        | Killed a spriggan druid
  2272 | D        | Killed a dire elephant
  2273 | D        | Noticed a dire elephant
  2280 | D        | Killed a dire elephant
  2592 | D        | Entered arena 19.
  2596 | D        | Noticed a purple draconian
  2596 | D        | Noticed a black draconian
  2596 | D        | Noticed a green draconian
  2597 | D        | Noticed an Orb Guardian
  2597 | D        | Noticed an ice dragon
  2597 | D        | Noticed a tentacled monstrosity
  2597 | D        | Noticed a grey draconian
  2597 | D        | Noticed a white draconian
  2597 | D        | Noticed a moth of wrath
  2597 | D        | Noticed a red draconian
  2597 | D        | Noticed a white draconian
  2598 | D        | Noticed a storm dragon
  2598 | D        | Noticed a black draconian
  2598 | D        | Noticed a storm dragon
  2598 | D        | Noticed an Orb Guardian
  2598 | D        | Noticed a red draconian
  2598 | D        | Noticed an Orb Guardian
  2598 | D        | Noticed a purple draconian
  2598 | D        | Noticed a yellow draconian
  2599 | D        | Noticed a yellow draconian
  2599 | D        | Noticed a white draconian
  2600 | D        | Killed a moth of wrath
  2601 | D        | Killed an Orb Guardian
  2601 | D        | Reached skill level 20 in Axes
  2601 | D        | Killed an Orb Guardian
  2601 | D        | Killed an Orb Guardian
  2602 | D        | Noticed a curse toe
  2602 | D        | Killed a grey draconian
  2602 | D        | Killed a storm dragon
  2602 | D        | Killed a storm dragon
  2602 | D        | Reached XP level 15. HP: 101/155 MP: 28/34
  2603 | D        | Killed a white draconian
  2603 | D        | Killed a red draconian
  2603 | D        | Reached skill level 21 in Axes
  2603 | D        | Killed a yellow draconian
  2603 | D        | Killed a black draconian
  2604 | D        | Killed a white draconian
  2604 | D        | Killed a yellow draconian
  2604 | D        | Killed a red draconian
  2604 | D        | Killed a green draconian
  2604 | D        | Killed a purple draconian
  2604 | D        | Killed an ice dragon
  2604 | D        | Killed a white draconian
  2604 | D        | Killed a black draconian
  2604 | D        | Killed a purple draconian
  2606 | D        | Killed a tentacled monstrosity
  2616 | D        | Killed a curse toe
  2616 | D        | Reached skill level 22 in Axes
  2634 | D        | Got the amulet of Joloo {Faith +Blink rPois Str+4 Int-5 Dex-3}
  2769 | D        | Entered arena 20.
  2769 | D        | Noticed a sea snake
  2775 | D        | Killed a sea snake
  2778 | D        | Noticed a deep elf blademaster
  2778 | D        | Noticed a deep elf blademaster
  2779 | D        | Noticed a deep elf sorcerer
  2779 | D        | Noticed a deep elf annihilator
  2779 | D        | Noticed a deep elf annihilator
  2780 | D        | Noticed a deep elf blademaster
  2780 | D        | Noticed a deep elf annihilator
  2780 | D        | Noticed a deep elf priest
  2780 | D        | Noticed a deep elf blademaster
  2781 | D        | Noticed a deep elf blademaster
  2781 | D        | Noticed a deep elf summoner
  2782 | D        | Noticed a deep elf conjurer
  2782 | D        | Noticed a deep elf fighter
  2782 | D        | Killed a deep elf blademaster
  2783 | D        | Noticed a deep elf conjurer
  2785 | D        | Noticed a deep elf conjurer
  2785 | D        | Noticed a deep elf summoner
  2785 | D        | Killed a deep elf blademaster
  2786 | D        | Noticed a deep elf high priest
  2786 | D        | Killed a deep elf summoner
  2787 | D        | Noticed a deep elf conjurer
  2787 | D        | Killed a deep elf annihilator
  2787 | D        | Killed a deep elf blademaster
  2788 | D        | Noticed a deep elf conjurer
  2789 | D        | Killed a deep elf annihilator
  2790 | D        | Noticed a deep elf summoner
  2790 | D        | Killed a deep elf conjurer
  2791 | D        | Killed a deep elf blademaster
  2791 | D        | Killed a deep elf fighter
  2792 | D        | Killed a deep elf sorcerer
  2792 | D        | Reached skill level 23 in Axes
  2794 | D        | Noticed a deep elf fighter
  2794 | D        | Killed a deep elf conjurer
  2797 | D        | Noticed a deep elf mage
  2797 | D        | Killed a deep elf conjurer
  2797 | D        | Killed a deep elf conjurer
  2797 | D        | Reached XP level 16. HP: 133/167 MP: 36/36
  2797 | D        | Killed a deep elf high priest
  2797 | D        | Killed a deep elf mage
  2800 | D        | Killed a deep elf summoner
  2801 | D        | Killed a deep elf conjurer
  2802 | D        | Noticed a deep elf high priest
  2802 | D        | Killed a deep elf blademaster
  2803 | D        | Killed a deep elf fighter
  2807 | D        | Killed a deep elf priest
  2807 | D        | Killed a deep elf annihilator
  2811 | D        | Killed a deep elf high priest
  2816 | D        | Killed a deep elf summoner
  3091 | D        | Entered arena 21.
  3091 | D        | Noticed an anaconda
  3095 | D        | Killed an anaconda
  3099 | D        | Noticed a wind drake
  3099 | D        | Noticed a grey draconian
  3099 | D        | Noticed a yellow draconian
  3099 | D        | Noticed a white draconian
  3100 | D        | Noticed a yellow draconian
  3100 | D        | Noticed a mottled draconian
  3100 | D        | Noticed a black draconian
  3100 | D        | Noticed a red draconian
  3100 | D        | Noticed a green draconian
  3100 | D        | Noticed a black draconian
  3100 | D        | Noticed a green draconian shifter
  3100 | D        | Noticed a mottled draconian annihilator
  3100 | D        | Noticed a grey draconian shifter
  3100 | D        | Noticed a grey draconian monk
  3100 | D        | Noticed a grey draconian knight
  3100 | D        | Noticed a white draconian
  3100 | D        | Noticed a mottled draconian shifter
  3101 | D        | Noticed a green draconian
  3101 | D        | Noticed a green draconian
  3101 | D        | Noticed a grey draconian
  3101 | D        | Noticed a mottled draconian
  3101 | D        | Noticed a pale draconian
  3101 | D        | Noticed a pale draconian
  3101 | D        | Noticed a red draconian
  3101 | D        | Noticed a pale draconian
  3101 | D        | Noticed a pale draconian
  3101 | D        | Noticed a black draconian
  3101 | D        | Noticed a black draconian
  3103 | D        | Noticed a yellow draconian
  3104 | D        | Killed a wind drake
  3105 | D        | Killed a grey draconian knight
  3107 | D        | Killed a black draconian
  3107 | D        | Reached skill level 24 in Axes
  3107 | D        | Killed a pale draconian
  3107 | D        | Killed a yellow draconian
  3107 | D        | Killed a mottled draconian
  3107 | D        | Killed a pale draconian
  3107 | D        | Killed a green draconian
  3107 | D        | Killed a pale draconian
  3107 | D        | Killed a red draconian
  3107 | D        | Killed a white draconian
  3107 | D        | Killed a black draconian
  3107 | D        | Killed a mottled draconian shifter
  3108 | D        | Killed a black draconian
  3108 | D        | Killed a grey draconian
  3108 | D        | Killed a yellow draconian
  3108 | D        | Killed a yellow draconian
  3108 | D        | Killed a pale draconian
  3108 | D        | Killed a black draconian
  3108 | D        | Killed a green draconian
  3108 | D        | Reached skill level 15 in Dodging
  3108 | D        | Killed a mottled draconian
  3108 | D        | Killed a red draconian
  3108 | D        | Killed a white draconian
  3108 | D        | Reached skill level 25 in Axes
  3108 | D        | Killed a grey draconian
  3108 | D        | Killed a green draconian
  3108 | D        | Killed a green draconian shifter
  3108 | D        | Killed a mottled draconian annihilator
  3110 | D        | Killed a grey draconian shifter
  3111 | D        | Killed a grey draconian monk
  3113 | D        | Noticed a mottled draconian
  3118 | D        | Killed a mottled draconian
  3423 | D        | Entered arena 22.
  3430 | D        | Noticed a hell hound
  3430 | D        | Noticed a flying skull
  3430 | D        | Noticed a hell hog
  3430 | D        | Noticed a rust devil
  3431 | D        | Noticed a hell hog
  3431 | D        | Noticed a reaper
  3431 | D        | Noticed a crimson imp
  3432 | D        | Noticed a lich
  3433 | D        | Noticed a balrug
  3434 | D        | Noticed a wight
  3435 | D        | Noticed a red devil
  3437 | D        | Noticed a wraith
  3438 | D        | Killed a hell hog
  3438 | D        | Killed a hell hog
  3438 | D        | Killed a hell hound
  3438 | D        | Killed a crimson imp
  3440 | D        | Noticed a hellion
  3441 | D        | Killed a rust devil
  3441 | D        | Killed a flying skull
  3442 | D        | Killed a wight
  3443 | D        | Killed a wraith
  3444 | D        | Killed a reaper
  3445 | D        | Killed a lich
  3445 | D        | Reached XP level 17. HP: 74/178 MP: 38/38
  3447 | D        | Killed a balrug
  3447 | D        | Killed a hellion
  3448 | D        | Noticed a wraith
  3448 | D        | Killed a red devil
  3456 | D        | Killed a wraith
  3775 | D        | Got the amulet of the Monkey {Inacc rPois Str-5 SInv}
  3810 | D        | Got the ring "Hitaz" {+Fly rF++ Stlth-}
  3841 | D        | Entered arena 23.
  3847 | D        | Noticed a deep elf death mage
  3847 | D        | Noticed a deep elf death mage
  3848 | D        | Noticed a deep elf demonologist
  3848 | D        | Noticed a deep elf high priest
  3848 | D        | Noticed a deep elf sorcerer
  3848 | D        | Noticed a deep elf blademaster
  3848 | D        | Noticed a deep elf blademaster
  3848 | D        | Noticed a deep elf high priest
  3849 | D        | Noticed a deep elf high priest
  3849 | D        | Noticed a deep elf blademaster
  3849 | D        | Noticed a deep elf sorcerer
  3850 | D        | Killed a deep elf sorcerer
  3851 | D        | Noticed a deep elf fighter
  3851 | D        | Noticed a deep elf high priest
  3852 | D        | Noticed a Brimstone Fiend
  3852 | D        | Noticed a deep elf high priest
  3852 | D        | Noticed a deep elf sorcerer
  3852 | D        | Noticed a deep elf master archer
  3853 | D        | Noticed a deep elf knight
  3853 | D        | Noticed a deep elf high priest
  3853 | D        | Noticed a deep elf annihilator
  3853 | D        | Killed a deep elf fighter
  3854 | D        | Noticed a deep elf high priest
  3854 | D        | Noticed a deep elf conjurer
  3854 | D        | Noticed a deep elf annihilator
  3854 | D        | Killed a deep elf sorcerer
  3855 | D        | Noticed a deep elf annihilator
  3855 | D        | Noticed a deep elf high priest
  3855 | D        | Noticed a deep elf high priest
  3855 | D        | Killed a deep elf death mage
  3857 | D        | Killed a deep elf death mage
  3857 | D        | Killed a deep elf high priest
  3857 | D        | Killed a deep elf fighter
  3857 | D        | Killed a deep elf blademaster
  3858 | D        | Killed a deep elf annihilator
  3858 | D        | Killed a deep elf blademaster
  3858 | D        | Killed a deep elf sorcerer
  3858 | D        | Killed a deep elf high priest
  3858 | D        | Killed a deep elf high priest
  3858 | D        | Killed a deep elf annihilator
  3858 | D        | Killed a deep elf demonologist
  3858 | D        | Killed a deep elf conjurer
  3859 | D        | Noticed a deep elf mage
  3859 | D        | Noticed a deep elf conjurer
  3859 | D        | Killed a deep elf blademaster
  3859 | D        | Killed a deep elf high priest
  3859 | D        | Killed a deep elf high priest
  3859 | D        | Killed a deep elf high priest
  3859 | D        | Killed a deep elf high priest
  3859 | D        | Killed a deep elf knight
  3860 | D        | Killed a deep elf master archer
  3860 | D        | Killed a deep elf annihilator
  3860 | D        | Reached skill level 26 in Axes
  3860 | D        | Killed a deep elf conjurer
  3860 | D        | Killed a deep elf high priest
  3860 | D        | Killed a deep elf mage
  3861 | D        | Noticed a deep elf mage
  3862 | D        | Noticed a deep elf mage
  3862 | D        | Noticed a deep elf high priest
  3862 | D        | Noticed a deep elf knight
  3862 | D        | Noticed a deep elf annihilator
  3862 | D        | Killed a deep elf high priest
  3862 | D        | Killed a deep elf mage
  3863 | D        | Noticed a deep elf knight
  3863 | D        | Noticed a deep elf sorcerer
  3863 | D        | Killed a deep elf annihilator
  3865 | D        | Killed a deep elf sorcerer
  3866 | D        | Noticed a deep elf high priest
  3870 | D        | Killed a deep elf knight
  3871 | D        | Killed a deep elf mage
  3873 | D        | Killed a deep elf knight
  3876 | D        | Killed a deep elf high priest
  3878 | D        | Killed a deep elf high priest
  3914 | D        | Got the cursed +0 plate armour of Winter {Str+7}
  4232 | D        | Entered arena 24.
  4257 | D        | Noticed a vampire
  4294 | D        | Killed a vampire
  4479 | D        | Noticed an ice devil
  4479 | D        | Noticed a flying skull
  4480 | D        | Noticed a flying skull
  4480 | D        | Noticed a shard shrike
  4480 | D        | Noticed a flying skull
  4480 | D        | Noticed a freezing wraith
  4480 | D        | Noticed a skeletal warrior
  4480 | D        | Noticed a tormentor
  4481 | D        | Noticed a wraith
  4481 | D        | Noticed a flying skull
  4481 | D        | Noticed a freezing wraith
  4481 | D        | Noticed a skeletal warrior
  4481 | D        | Noticed an ice devil
  4481 | D        | Noticed a wraith
  4481 | D        | Noticed a tormentor
  4481 | D        | Noticed a blizzard demon
  4482 | D        | Noticed a flying skull
  4482 | D        | Noticed a freezing wraith
  4482 | D        | Noticed an Ice Fiend
  4482 | D        | Noticed an ice devil
  4482 | D        | Killed a flying skull
  4482 | D        | Killed a flying skull
  4482 | D        | Killed a flying skull
  4482 | D        | Killed a flying skull
  4482 | D        | Killed a flying skull
  4483 | D        | Noticed a blue devil
  4483 | D        | Killed a shard shrike
  4483 | D        | Killed an ice devil
  4484 | D        | Killed an ice devil
  4485 | D        | Noticed a freezing wraith
  4486 | D        | Noticed a blue devil
  4486 | D        | Killed a tormentor
  4487 | D        | HP: 2/180 [Ice Fiend/bolt of cold (35)]
  4489 | D        | Noticed a flying skull
  4491 | D        | Killed a freezing wraith
  4492 | D        | Killed a tormentor
  4493 | D        | Killed a wraith
  4493 | D        | Killed a freezing wraith
  4493 | D        | HP: 9/180 [??? (4)]
  4494 | D        | Noticed a freezing wraith
  4495 | D        | Killed a flying skull
  4495 | D        | Identified a +2 rod of inaccuracy (10/13)
  4498 | D        | Killed a freezing wraith
  4499 | D        | Killed a blue devil
  4499 | D        | HP: 8/180 [skeletal warrior/+6 morningstar of protection (3)]
  4505 | D        | Killed a freezing wraith
  4506 | D        | Killed an ice devil
  4507 | D        | Killed a skeletal warrior
  4509 | D        | Killed a wraith
  4509 | D        | Killed a blue devil
  4510 | D        | Killed a freezing wraith
  4514 | D        | Killed a skeletal warrior
  4518 | D        | Killed an Ice Fiend
  4520 | D        | Killed a blizzard demon
  4520 | D        | Reached skill level 27 in Invocations
  4917 | D        | Entered arena 25.
  4946 | D        | Noticed a white draconian monk
  4946 | D        | Noticed a green draconian
  4946 | D        | Noticed a yellow draconian
  4947 | D        | Noticed a red draconian shifter
  4947 | D        | Noticed a purple draconian
  4947 | D        | Noticed a black draconian
  4947 | D        | Noticed a red draconian
  4947 | D        | Noticed a red draconian
  4947 | D        | Noticed a purple draconian
  4947 | D        | Noticed a mottled draconian scorcher
  4947 | D        | Noticed a purple draconian
  4947 | D        | Noticed a green draconian
  4948 | D        | Noticed a yellow draconian
  4948 | D        | Noticed a purple draconian
  4948 | D        | Noticed a pale draconian zealot
  4948 | D        | Noticed a red draconian zealot
  4948 | D        | Noticed a purple draconian
  4948 | D        | Noticed a mottled draconian shifter
  4948 | D        | Noticed a mottled draconian
  4948 | D        | Noticed a black draconian
  4949 | D        | Noticed a red draconian scorcher
  4949 | D        | Noticed a yellow draconian monk
  4949 | D        | Noticed a mottled draconian
  4949 | D        | Noticed a black draconian scorcher
  4949 | D        | Noticed a yellow draconian shifter
  4949 | D        | Noticed a grey draconian monk
  4949 | D        | Killed a black draconian
  4950 | D        | Noticed a white draconian
  4952 | D        | Noticed a yellow draconian
  4952 | D        | Noticed a yellow draconian
  4952 | D        | Noticed a green draconian
  4952 | D        | Noticed a white draconian shifter
  4953 | D        | Noticed a black draconian shifter
  4954 | D        | Noticed a mottled draconian
  4954 | D        | Noticed a pale draconian
  4954 | D        | Noticed a green draconian
  4954 | D        | Killed a red draconian
  4956 | D        | Noticed a purple draconian
  4958 | D        | Noticed a purple draconian
  4958 | D        | Killed a mottled draconian shifter
  4959 | D        | Killed a purple draconian
  4961 | D        | Noticed a purple draconian
  4961 | D        | Killed a black draconian scorcher
  4962 | D        | Killed a mottled draconian
  4962 | D        | Killed a mottled draconian
  4962 | D        | Reached XP level 18. HP: 61/189 MP: 37/40
  4962 | D        | Killed a purple draconian
  4962 | D        | Killed a yellow draconian
  4962 | D        | Reached skill level 27 in Axes
  4962 | D        | Killed a black draconian
  4963 | D        | Killed a purple draconian
  4964 | D        | Killed a white draconian monk
  4964 | D        | Killed a grey draconian monk
  4964 | D        | Killed a red draconian shifter
  4964 | D        | Killed a green draconian
  4964 | D        | Killed a yellow draconian
  4965 | D        | Killed a white draconian shifter
  4966 | D        | Killed a white draconian
  4966 | D        | Killed a green draconian
  4966 | D        | Killed a purple draconian
  4966 | D        | Killed a purple draconian
  4966 | D        | Killed a yellow draconian monk
  4967 | D        | Killed a green draconian
  4967 | D        | Killed a pale draconian zealot
  4967 | D        | Killed a yellow draconian
  4967 | D        | Killed a mottled draconian scorcher
  4967 | D        | Killed a purple draconian
  4967 | D        | Killed a purple draconian
  4967 | D        | Killed a yellow draconian
  4967 | D        | Killed a red draconian
  4967 | D        | Killed a red draconian zealot
  4967 | D        | Killed a red draconian scorcher
  4967 | D        | Killed a mottled draconian
  4969 | D        | Noticed a pale draconian
  4969 | D        | Killed a purple draconian
  4969 | D        | Killed a green draconian
  4970 | D        | Killed a yellow draconian shifter
  4972 | D        | Killed a pale draconian
  4973 | D        | Killed a black draconian shifter
  4974 | D        | Noticed a green draconian
  4974 | D        | Noticed a white draconian
  4975 | D        | Noticed a yellow draconian
  4976 | D        | Noticed a purple draconian
  4981 | D        | Killed a green draconian
  4981 | D        | Killed a white draconian
  4983 | D        | Noticed a yellow draconian caller
  4984 | D        | Noticed a grey draconian
  4984 | D        | Killed a purple draconian
  4985 | D        | Killed a pale draconian
  4988 | D        | Noticed a mottled draconian
  4988 | D        | Noticed a purple draconian
  4990 | D        | Killed a yellow draconian
  4992 | D        | Noticed a yellow draconian scorcher
  4996 | D        | Killed a purple draconian
  4998 | D        | Noticed a yellow draconian
  4999 | D        | Noticed a pale draconian annihilator
  5000 | D        | Killed a grey draconian
  5000 | D        | Killed a yellow draconian caller
  5003 | D        | Noticed a yellow draconian
  5003 | D        | Killed a yellow draconian scorcher
  5005 | D        | Killed a mottled draconian
  5006 | D        | Killed from afar by a pale draconian annihilator

Action                   |  1- 3 |  4- 6 |  7- 9 | 10-12 | 13-15 | 16-18 || total
-------------------------+-------+-------+-------+-------+-------+-------++-------
Melee: Broad axe         |     4 |    11 |    10 |    36 |   124 |    89 ||   274
Invok: Slouch            |       |       |     3 |    10 |    15 |    24 ||    52
       Step From Time    |       |       |       |       |       |     2 ||     2
       Bend Time         |       |       |       |       |       |     2 ||     2
       Temporal Distorti |       |       |       |       |       |     1 ||     1
Evoke: Deck              |       |       |       |       |     6 |       ||     6
       Sack of spiders   |       |       |       |       |     2 |    23 ||    25
       Lamp of fire      |       |       |       |       |     2 |     8 ||    10
       Phial of floods   |       |       |       |       |       |     5 ||     5
       Wand              |       |       |       |       |       |     2 ||     2
  Use: Potion            |     1 |       |       |       |       |    21 ||    22
       Scroll            |       |     4 |       |     4 |     1 |     3 ||    12
 Stab: Distracted        |       |       |       |     1 |     3 |     2 ||     6
       Held in net/web   |       |       |       |       |       |     3 ||     3
  Eat: Bread ration      |       |       |       |     1 |     1 |     1 ||     3
       Fruit             |       |       |       |       |     4 |       ||     4
